 Dungeon Crawl Stone Soup version 0.27-a0-684-g359e429f13 (webtiles) character file.

Game seed: 13585870438872556479

261 ReteAZ the Stinger (level 6, -21/49 HPs)
             Began as a Naga Venom Mage on Mar 20, 2021.
             Was an Initiate of Ashenzari.
             Demolished by an ogre
             ... wielding a +0 giant club
              (28 damage)
             ... on level 4 of the Dungeon.
             The game lasted 00:07:16 (5066 turns).

ReteAZ the Stinger (Naga Venom Mage)                Turns: 5066, Time: 00:07:17

Health: -21/49     AC:  3    Str: 11    XL:     6   Next: 18%
Magic:  10/10      EV:  9    Int: 17    God:    Ashenzari [......]
Gold:   150        SH:  0    Dex: 11    Spells: 8/11 levels left

rFire    . . .     SeeInvis +   p - +0 spear
rCold    . . .     Faith    .   (no shield)
rNeg     . . .     Spirit   .   a - +0 robe
rPois    +         Reflect  .   (no helmet)
rElec    .         Harm     .   (no cloak)
rCorr    .         Rampage  .   (no gloves)
Will     .....                  (no barding)
Stlth    ++........             (no amulet)
HPRegen  0.16/turn              (no ring)
MPRegen  0.12/turn              (no ring)

@: very slow
A: AC +2, large, see invisible, deformed body, poison resistance, slowness 2,
spit poison 1, naga tail 1
a: Spit Poison, Renounce Religion


You were on level 4 of the Dungeon.
You worshipped Ashenzari.
Ashenzari was noncommittal.
You visited 2 branches of the dungeon, and saw 5 of its levels.

You collected 150 gold pieces.

Inventory:

Hand Weapons
 g - a +0 club
 p - a +0 spear (weapon)
Armour
 a - a +0 robe (worn)
 r - a +0 kite shield
Scrolls
 e - 5 scrolls of identify
 f - 2 scrolls of magic mapping
 h - a scroll of enchant weapon
 i - 2 scrolls of blinking
 k - a scroll of random uselessness
 o - a scroll of amnesia
 s - a scroll of immolation
 u - a scroll of noise
 v - a scroll of fear
Potions
 b - 2 potions of heal wounds
 c - 2 potions of ambrosia
 d - 2 potions of curing
 j - a potion of brilliance
 l - 3 potions of resistance
 m - a potion of lignification
 n - a potion of mutation
 q - a potion of degeneration
 t - a potion of haste


   Skills:
 - Level 1.5 Dodging
 - Level 3.0 Stealth
 + Level 3.2 Spellcasting
 - Level 3.0 Transmutations
 + Level 0.3 Air Magic
 * Level 6.8 Poison Magic


You had 8 spell levels left.
You knew the following spells:

 Your Spells              Type           Power      Damage    Failure   Level
a - Sting                 Tmut/Pois      76%        1d6       2%          1
b - Poisonous Vapours     Pois/Air       30%        N/A       6%          2

Your spell library contained the following spells:

 Spells                   Type           Power      Damage    Failure   Level
 Olgreb's Toxic Radiance  Pois           26%        N/A       10%         4
 Ignite Poison            Fire/Tmut/Pois 13%        N/A       13%         3
 Mephitic Cloud           Conj/Pois/Air  10%        N/A       19%         3


Dungeon Overview and Level Annotations

Branches:
Dungeon (4/15)             Temple (1/1) D:4

Altars:
Ashenzari
Elyvilon
Fedhas
Kikubaaqudgha
Nemelex Xobeh
Okawaru
Qazlal
Ru
Sif Muna
Trog
Uskayaw
Vehumet
Xom
Lugonu

Annotations:
D:2 exclusion: door
D:3 exclusion: 3 doors


Innate Abilities, Weirdness & Mutations

Your serpentine skin is tough. (AC +2)
You have supernaturally acute eyesight. (SInv)
Armour fits poorly on your strangely shaped body.
Your system is resistant to poisons. (rPois)
You cover ground very slowly.
You can spit poison.
You have a snake-like lower body.


Message History

k - a scroll of random uselessness;
l - 3 potions of resistance
m - a potion of lignification;
n - a potion of mutation
o - a scroll of amnesia;
q - a potion of degeneration
s - a scroll of immolation;
t - a potion of haste;
u - a scroll of noise
v - a scroll of fear Ashenzari warns you of distant threats and treasures.
Ashenzari reveals the structure of the dungeon to you.
Ashenzari shows you where magical portals lie.
Ashenzari prevents you from stumbling into unseen traps.
Ashenzari identifies your possessions.
There is a staircase back to the Dungeon here.
You climb upwards.
Welcome back to the Dungeon!
The orc hits you.
There is a staircase to the Ecumenical Temple here.
The sting hits the orc.
The orc is poisoned.
The orc is lightly wounded.
The orc hits you.
Press: ? - help, Shift-Dir - straight line, f - orc priest, p - orc
Aim: an orc priest, wielding a +0 club and wearing a +0 leather armour The splash of poison hits the orc priest.
The orc priest is lightly wounded.
An ogre comes into view. It is wielding a +0 giant club.
The orc hits you but does no damage.
You barely miss the orc.
The orc is severely wounded.
The orc barely misses you.
The orc priest mumbles some strange prayers to Beogh against you.
Beogh smites you!
The orc shouts!
You barely miss the orc.
The orc is almost dead.
You have got your breath back.
The orc hits you.
An orc comes into view. It is wielding a +0 morningstar.
You hit the orc.
You kill the orc!
The orc priest hits you with a +0 club.
Found a stone staircase leading down.
The orc priest invokes the aid of Beogh against you.
Beogh smites you! The orc priest hits you with a +0 club!
* * * LOW HITPOINT WARNING * * *
The ogre hits you with a +0 giant club!!
Ouch! That really hurt!
You die...

#............# .....
#............#
#............#
#............##
#.............##.
##................
#..$..........##
#............## ..
###...@......####....
##..O...........#
##.oo..........##
>.##...o.....####.#
#............# .#
..#....#.#...# ..
.##...#.#.#..# ...
#...#o#.#.#.## #....
#....#.>.#...##..#


You could see an ogre, an orc priest and 2 orcs.

Vanquished Creatures
  Natasha (thrice) (D:2)
  An orc wizard (D:3)
  A worker ant (D:4)
  5 adders
  5 worms
  A dart slug (D:4)
  5 leopard geckos
  3 orcs
  7 ball pythons
  3 bat skeletons (D:3)
  2 bat zombies (D:3)
  2 giant cockroaches (D:1)
  3 goblins
  8 hobgoblins
  2 jackals (D:2)
  14 bats
  2 frilled lizards
  7 kobolds
  5 rats
79 creatures vanquished.

Notes
Turn   | Place    | Note
-------+----------+-------------------------------------------
     0 | D:1      | ReteAZ the Naga Venom Mage began the quest for the Orb.
     0 | D:1      | Reached XP level 1. HP: 15/15 MP: 3/3
   411 | D:1      | Reached XP level 2. HP: 22/22 MP: 3/5
  1279 | D:1      | Reached XP level 3. HP: 28/28 MP: 3/6
  1724 | D:2      | Noticed Natasha
  1731 | D:2      | Killed Natasha
  1732 | D:2      | Reached skill level 5 in Poison Magic
  1866 | D:2      | Noticed Natasha
  1876 | D:2      | Reached XP level 4. HP: 16/36 MP: 4/7
  1885 | D:2      | Killed Natasha
  2375 | D:2      | Reached skill level 6 in Poison Magic
  2375 | D:2      | Reached XP level 5. HP: 30/42 MP: 6/9
  2661 | D:2      | Noticed Natasha
  2666 | D:2      | Killed Natasha
  2946 | D:2      | Found a stormy altar of Qazlal.
  3400 | D:2      | Noticed a moth of wrath
  3403 | D:2      | Found a bloodstained altar of Trog.
  3979 | D:3      | Found a faded altar of an unknown god.
  4173 | D:3      | Found an ancient bone altar of Kikubaaqudgha.
  4662 | D:3      | Found a shimmering altar of Xom.
  4688 | D:4      | Reached XP level 6. HP: 46/49 MP: 6/10
  4691 | D:4      | Learned a level 2 spell: Poisonous Vapours
  4967 | D:4      | Found a staircase to the Ecumenical Temple.
  5009 | Temple   | Entered the Ecumenical Temple
  5036 | Temple   | Became a worshipper of Ashenzari the Shackled
  5066 | D:4      | Demolished by an ogre

Illustrated notes

Levels and vault maps discovered:
D:1:      dpeg_arrival_circle_labyrinth_a, layout_basic, minmay_tromino_i2
D:2:      minmay_inner_zag, layout_basic, old_standard_altar, tgw_trog,
          minmay_snake_closets, uniq_natasha
D:3:      layout_basic, kennysheep_vampire_church, led_xom_imps,
          marbit_many_paths, chequers_ecumenical_altar_twisty,
          minmay_crystal_room
D:4:      layout_layer_cave, gammafunk_temple_overflow_claw,
          minmay_temple_entry_grid
Temple:   corrupted_temple

Skill      XL: |  1  2  3  4  5  6 |
---------------+-------------------+-----
Poison Magic   | 5 6 |  6.8
Transmutations | 2 3 |  3.0
Spellcasting   | 3 |  3.2
Dodging        | |  1.5
Stealth        | |  3.0
Air Magic      | |  0.3

Action                   |  1- 3 |  4- 6 || total
-------------------------+-------+-------++-------
Melee: Unarmed           |    24 |       ||    24
       Club              |     7 |    17 ||    24
       Spear             |       |    60 ||    60
 Cast: Sting             |    50 |   108 ||   158
 Abil: Spit Poison       |     7 |     6 ||    13
  Use: Potion            |     1 |       ||     1
 Stab: Sleeping          |       |     1 ||     1
Armor: Robe              |    25 |    62 ||    87
Dodge: Dodged            |    46 |    95 ||   141

Table legend: (Time is in decaauts)
 A = Elapsed time spent in this place.
 B = Non-inter-level travel time spent in this place.
 C = Inter-level travel time spent in this place.
 D = Time resting spent in this place.
 E = Time spent auto-exploring this place.
 F = Levels seen in this place.
 G = Mean time per level.
                   A        B        C        D        E       F      G
               +--------+--------+--------+--------+--------+-----+--------+
         Total |   5979 |   5841 |    138 |    526 |   4484 |   5 | 1195.8 |
       Dungeon |   5919 |   5802 |    117 |    526 |   4454 |   4 | 1479.8 |
        Temple |     60 |     39 |     21 |      0 |     30 |   1 |   60.0 |
               +--------+--------+--------+--------+--------+-----+--------+

Top non-repeatable levels by time:
     D:2: 2502 daAuts
     D:1: 1875 daAuts
     D:3: 1132 daAuts
     D:4: 409 daAuts
  Temple: 60 daAuts
